 Dungeon Crawl Stone Soup version 0.20-a0-854-g0cc194a (console) character file.

266 nht the Cleaver (level 6, -11/50 HPs)
             Began as a Hill Orc Gladiator on Mar 11, 2017.
             Was an Initiate of Okawaru.
             Mangled by Menkaure (16 damage)
             ... on level 4 of the Dungeon.
             The game lasted 00:03:13 (2371 turns).

nht the Cleaver (Hill Orc Gladiator)                Turns: 2371, Time: 00:03:13

Health: -11/50     AC: 12    Str: 19    XL:     6   Next: 20%
Magic:  6/6        EV:  6    Int:  8    God:    Okawaru [......]
Gold:   166        SH:  0    Dex: 12    Spells: 5/5 levels left

rFire    . . .     SeeInvis .   a - +0 war axe
rCold    . . .     Gourm    .   g - +0 plate armour
rNeg     . . .     Faith    .   (no shield)
rPois    .         Spirit   .   c - +0 helmet
rElec    .         Reflect  .   (no cloak)
rCorr    .         Harm     .   l - +0 pair of gloves
MR       .....                  (no boots)
Stlth    ..........             (no amulet)
Regen    0.2/turn               (no ring)
MPRegen  0.1/turn               (no ring)

@: very slightly contaminated
A: no striking features
a: Renounce Religion


You were on level 4 of the Dungeon.
You worshipped Okawaru.
Okawaru was noncommittal.
You were not hungry.

You visited 1 branch of the dungeon, and saw 4 of its levels.

You collected 166 gold pieces.

Inventory:

Hand Weapons
 a - a +0 war axe (weapon)
Missiles
 d - 2 throwing nets (quivered)
 w - 26 bolts
Armour
 b - a +0 buckler
 c - a +0 helmet (worn)
 g - a +0 plate armour (worn)
 l - a +0 pair of gloves (worn)
Scrolls
 e - 2 scrolls of blinking {unknown}
 h - a scroll of enchant weapon {unknown}
 j - 3 scrolls of identify
 k - 4 scrolls of remove curse {unknown}
 m - 2 scrolls of immolation {unknown}
 o - a scroll of recharging {unknown}
 p - a scroll of amnesia {unknown}
 q - a scroll of fog {unknown}
 r - 2 scrolls of teleportation {unknown}
 y - a scroll of magic mapping {unknown}
Potions
 n - a potion of flight
Comestibles
 f - 4 bread rations
 i - 2 royal jellies
 s - 8 chunks of flesh
 x - 2 meat rations


   Skills:
 - Level 2.4 Fighting
 + Level 8.9 Axes
 - Level 1.7 Throwing
 - Level 2.4 Dodging


You had 5 spell levels left.
You didn't know any spells.

Dungeon Overview and Level Annotations

Branches:
Dungeon (4/15)
 Temple: D:4-7

Altars:
Cheibriados
Okawaru
Yredelemnul

Annotations:
D:4 Menkaure


Message History

Menkaure hits you.
* * * LOW HITPOINT WARNING * * *
You feel better.
Menkaure gestures wildly while chanting.
Menkaure seems to speed up.
Your plate armour prevents you from hitting Menkaure.
Menkaure is heavily damaged.
Menkaure barely misses you.
You slash Menkaure!
Menkaure is severely damaged.
Menkaure gestures at you while chanting.
You barely resist.
Your plate armour prevents you from hitting Menkaure.
Menkaure is severely damaged.
Menkaure hits you!
* * * LOW HITPOINT WARNING * * *
You barely miss Menkaure.
Menkaure is severely damaged.
Menkaure hits you!
You die...

█..... ██ █..... █.
█..... █. ████.....
.█████.████ ████....[...
....$.....█ █...........
..........███.██........
......................██
......M@...█████.......█
..........██ █.......█
..........█ █........
..........█ ███████..
..........█ ..
..........█


███████████ You could see Menkaure.

Vanquished Creatures
  2 orc wizards (D:4)
  An orc priest (D:4)
  An iguana (D:4)
  A worker ant (D:4)
  3 adders (D:2)
  A worm (D:4)
  3 dart slugs
  2 leopard geckos
  8 orcs
  4 giant cockroaches
  5 goblins
  10 hobgoblins
  8 jackals (D:2)
  A quokka (D:4)
  13 bats
  6 frilled lizards
  9 kobolds
  4 rats
82 creatures vanquished.

Notes
Turn   | Place    | Note
-------+----------+-------------------------------------------
     0 | D:1      | nht the Hill Orc Gladiator began the quest for the Orb.
     0 | D:1      | Reached XP level 1. HP: 18/18 MP: 1/1
    15 | D:1      | Found an iron altar of Okawaru.
    23 | D:1      | Became a worshipper of Warmaster Okawaru
    74 | D:1      | Reached XP level 2. HP: 25/25 MP: 2/2
   168 | D:1      | Reached skill level 5 in Axes
   418 | D:1      | Reached XP level 3. HP: 29/30 MP: 3/3
   674 | D:2      | Found a basalt altar of Yredelemnul.
   846 | D:2      | Reached skill level 6 in Axes
   938 | D:2      | Reached XP level 4. HP: 31/37 MP: 4/4
  1791 | D:3      | Reached skill level 7 in Axes
  1831 | D:3      | Found a snail-covered altar of Cheibriados.
  2124 | D:4      | Reached XP level 5. HP: 42/42 MP: 5/5
  2143 | D:4      | Reached skill level 8 in Axes
  2326 | D:4      | Reached XP level 6. HP: 50/50 MP: 6/6
  2358 | D:4      | Noticed Menkaure
  2371 | D:4      | Mangled by Menkaure

Vault maps used:
D:1:      saegor_arrival_simple_d, okawaru_ov_weapons_minmay
D:2:      overflow_temple_1_default, first_bread, hangedman_decor_riveting
D:3:      kennysheep_slug_shrine
D:4:      lemuel_doored_altar, uniq_duvessa, uniq_menkaure

Skill      XL: |  1  2  3  4  5 |
---------------+----------------+-----
Axes           | 5 6 7 8 |  8.9
Fighting       | |  2.4
Throwing       | |  1.7
Dodging        | |  2.4

Action                   |  1- 3 |  4- 6 || total
-------------------------+-------+-------++-------
Melee: War axe           |   112 |   147 ||   259
Throw: Throwing net      |       |     1 ||     1
  Use: Scroll            |       |     4 ||     4
       Potion            |       |     2 ||     2
 Stab: Invisible         |       |     1 ||     1
  Eat: Chunk             |       |     5 ||     5
Armor: Leather armour    |    29 |       ||    29
       Plate armour      |    35 |   103 ||   138
Dodge: Dodged            |    86 |    33 ||   119
